[Event "Titled Tuesday Blitz March 01 Early 2022"]
[White "Eynullayev, Atilla"]
[Black "Samunenkov, Ihor"]
[WhiteFideId "13413570"]
[BlackFideId "14187086"]
[WhiteElo "1979"]
[BlackElo "2406"]
[Result "1-0"]
[Round "10"]
[TimeControl "180+1"]
[Date "2022.03.01"]
[WhiteClock "0:00:07"]
[BlackClock "0:00:04"]

1. e4 c5 2. Nf3 Nc6 3. Bb5 g6 4. O-O Bg7 5. c3 e5 6. d4 cxd4 7. cxd4 exd4 8. Bf4 a6 9. Qa4 Ra7 10. Bd3 d6 11. Qa3 Ne5 12. Nxd4 Ne7 13. Nb5 axb5 14. Bxb5+ N5c6 15. Qxa7 Bxb2 16. Nd2 Bxa1 17. Rxa1 O-O 18. Qe3 d5 19. Bh6 Re8 20. Qc3 d4 21. Qg3 Be6 22. a4 Qb8 23. Bf4 Qa7 24. Nf3 f6 25. Bd6 Qb6 26. h4 Bf7 27. h5 Qa5 28. Qf4 f5 29. hxg6 hxg6 30. Ng5 d3 31. Qh4 Qc3 32. Qh7+ Kf8 33. Qxf7# 1-0


[Site "https://www.chess.com"]

[Event "Titled Tuesday Blitz March 01 Early 2022"]
[White "FGHSMN"]
[Black "Bodnaruk, Anastasia"]
[BlackFideId "4181751"]
[WhiteElo "2699"]
[BlackElo "2393"]
[Result "0-1"]
[Round "10"]
[TimeControl "180+1"]
[Date "2022.03.01"]
[WhiteClock "0:00:51"]
[BlackClock "0:00:10"]

1. d4 Nf6 2. Nf3 g6 3. Nc3 d5 4. Bf4 Bg7 5. Nb5 Na6 6. e3 O-O 7. h3 Ne4 8. Nd2 c6 9. Nxe4 cxb5 10. Nd2 Bd7 11. Bd3 f6 12. c3 e5 13. dxe5 fxe5 14. Bg3 Nc5 15. Bc2 Qe7 16. O-O Rad8 17. Qe2 Bc6 18. Nf3 Na4 19. Bh4 Bf6 20. Bxf6 Rxf6 21. Rab1 Kg7 22. Nh2 h5 23. Nf3 Rdf8 24. Ng5 e4 25. h4 Nc5 26. Qd2 Nd7 27. Qd4 Ne5 28. f4 Ng4 29. Bb3 Nh6 30. Rfe1 Nf5 31. Qe5 Rd8 32. Rbd1 Rd6 33. Bxd5 Bxd5 34. Rxd5 Rxd5 35. Qd4 Rxd4 36. cxd4 Nxh4 37. Rc1 Rc6 0-1


[Site "https://www.chess.com"]

[Event "Titled Tuesday Blitz March 01 Early 2022"]
[White "Fus, Jakub"]
[Black "Abdyzhapar, Asylbek"]
[WhiteFideId "1193023"]
[BlackFideId "13800337"]
[WhiteElo "2111"]
[BlackElo "2331"]
[Result "1-0"]
[Round "10"]
[TimeControl "180+1"]
[Date "2022.03.01"]
[WhiteClock "0:00:12"]
[BlackClock "0:00:30"]

1. e4 d6 2. d4 Nf6 3. Nc3 g6 4. Nf3 Bg7 5. h3 O-O 6. Bd3 Nc6 7. O-O e5 8. d5 Ne7 9. a4 c6 10. Bc4 cxd5 11. exd5 Nh5 12. a5 f5 13. Ng5 h6 14. Ne6 Bxe6 15. dxe6 Rc8 16. Bb3 Nf6 17. a6 b6 18. Nd5 Nfxd5 19. Bxd5 Nxd5 20. Qxd5 Qe7 21. Rd1 Rfd8 22. c3 Rc5 23. Qb7 Rc7 24. Qd5 Bf8 25. Be3 Re8 26. Bxb6 axb6 27. a7 Rxa7 28. Rxa7 Qxa7 29. e7+ Kg7 30. exf8=Q+ Rxf8 31. Qxd6 e4 32. Qe5+ Kh7 33. Rd6 Rf7 34. b4 Qa1+ 35. Kh2 Qe1 36. Qd4 h5 37. Qxb6 Qxc3 38. Rxg6 Qe5+ 39. g3 f4 40. Rh6+ Kg8 41. Qe6 fxg3+ 42. fxg3 Qb2+ 43. Kh1 Qc1+ 44. Kh2 Qd2+ 45. Kh1 Qe1+ 46. Kh2 Qf2+ 47. Kh1 Qf3+ 48. Kh2 Kg7 49. Qg6+ Kf8 50. Qd6+ Kg8 51. Qg6+ Kf8 52. Rh8+ Ke7 53. Qg5+ Rf6 54. Qe5+ Kf7 55. Qe8+ Kg7 56. Qg8# 1-0


[Site "https://www.chess.com"]

[Event "Titled Tuesday Blitz March 01 Early 2022"]
[White "Gabrielian, Artur"]
[Black "Urazayev, Arystanbek"]
[WhiteFideId "4131002"]
[BlackFideId "13709810"]
[WhiteElo "2440"]
[BlackElo "2321"]
[Result "0-1"]
[Round "10"]
[TimeControl "180+1"]
[Date "2022.03.01"]
[WhiteClock "0:00:33"]
[BlackClock "0:01:57"]

1. e4 c6 2. d4 d5 3. e5 c5 4. dxc5 e6 5. Nf3 Bxc5 6. Bd3 f6 7. O-O Nc6 8. Re1 fxe5 9. Nxe5 Nf6 10. Nxc6 bxc6 11. Be3 Bxe3 12. Rxe3 O-O 13. Nd2 c5 14. c3 Rb8 15. b3 e5 16. Rxe5 Ng4 17. Rxd5 Qh4 18. h3 Qxf2+ 19. Kh1 Ne3 20. Bxh7+ Kh8 0-1


[Site "https://www.chess.com"]

[Event "Titled Tuesday Blitz March 01 Early 2022"]
[White "Garriga Cazorla, Pere"]
[Black "Sargsyan, Anna M."]
[WhiteFideId "32011601"]
[BlackFideId "13308130"]
[WhiteElo "2458"]
[BlackElo "2271"]
[Result "1-0"]
[Round "10"]
[TimeControl "180+1"]
[Date "2022.03.01"]
[WhiteClock "0:00:28"]
[BlackClock "0:00:03"]

1. d4 d5 2. c4 c6 3. Nf3 Nf6 4. Nc3 dxc4 5. a4 Bf5 6. e3 e6 7. Bxc4 Bb4 8. O-O Nbd7 9. Nh4 O-O 10. h3 Qe7 11. Nxf5 exf5 12. Qf3 g6 13. g4 fxg4 14. hxg4 Rae8 15. Kg2 Kg7 16. Rh1 h5 17. gxh5 Nxh5 18. Bd2 f5 19. Rag1 Ndf6 20. Kf1 Bxc3 21. Bxc3 Qe4 22. Qxe4 Nxe4 23. Bb4 Rh8 24. Rh3 b6 25. f3 Nef6 26. Kf2 f4 27. e4 Ng3 28. Rhxg3 fxg3+ 29. Kxg3 Rh5 30. Bd2 Reh8 31. Kf4 Rh2 32. Bc3 R8h4+ 33. Ke3 Kh6 34. Be6 g5 35. d5 Nh5 36. dxc6 Nf4 37. Bg4 Re2+ 38. Kd4 Kg6 39. c7 Rxg4 40. Rxg4 Ne6+ 41. Kd3 1-0


[Site "https://www.chess.com"]

[Event "Titled Tuesday Blitz March 01 Early 2022"]
[White "Gerbelli Neto, Eduardo"]
[Black "Gatterer, Florian"]
[WhiteFideId "2103281"]
[BlackFideId "811688"]
[WhiteElo "2178"]
[BlackElo "2218"]
[Result "1/2-1/2"]
[Round "10"]
[TimeControl "180+1"]
[Date "2022.03.01"]
[WhiteClock "0:00:21"]
[BlackClock "0:00:12"]

1. e4 e5 2. Nc3 Nf6 3. f4 d5 4. fxe5 Nxe4 5. d3 Nxc3 6. bxc3 Be7 7. Nf3 O-O 8. d4 c5 9. Bd3 Nc6 10. O-O Bg4 11. Be3 c4 12. Be2 Bf5 13. Rb1 b6 14. Qd2 Bg6 15. Rf2 Qd7 16. Rbf1 f6 17. Nh4 Be4 18. exf6 Bxf6 19. Bg5 Bxg5 20. Qxg5 Qe7 21. Rxf8+ Rxf8 22. Rxf8+ Kxf8 23. Qxe7+ Kxe7 24. Bf3 Bxf3 25. Nxf3 Kf6 26. g4 g6 27. Kf2 b5 28. Ke3 h6 29. h4 a5 30. a3 b4 31. cxb4 axb4 32. axb4 Nxb4 33. c3 Nd3 34. g5+ hxg5 35. Nxg5 Ne1 36. Kf2 Nd3+ 37. Ke3 Nc1 38. Nf3 Kf5 39. Ne5 Nb3 40. Nc6 g5 41. hxg5 Kxg5 42. Ne7 Kf6 43. Nxd5+ Ke6 44. Nb6 Na5 45. Ke4 Kd6 46. Nxc4+ Nxc4 47. Kd3 Nb6 48. c4 Nxc4 49. Kxc4 Kc6 50. d5+ Kd6 51. Kd4 Ke7 52. Ke5 Kd7 53. d6 Kd8 54. Ke6 Ke8 55. d7+ Kd8 56. Kd6 1/2-1/2


[Site "https://www.chess.com"]

[Event "Titled Tuesday Blitz March 01 Early 2022"]
[White "Golubka, Petro"]
[Black "Tymrakiewicz, Rafal"]
[WhiteFideId "14114224"]
[BlackFideId "1108832"]
[WhiteElo "2392"]
[BlackElo "2205"]
[Result "0-1"]
[Round "10"]
[TimeControl "180+1"]
[Date "2022.03.01"]
[WhiteClock "0:00:07"]
[BlackClock "0:00:45"]

1. e4 Nf6 2. Nc3 d5 3. exd5 Nxd5 4. Nf3 Bg4 5. h3 Nxc3 6. bxc3 Bh5 7. Rb1 Qd5 8. Rb5 Bxf3 9. Qxf3 Qxf3 10. gxf3 b6 11. f4 c6 12. Rb1 e6 13. a4 Kd7 14. d4 Bd6 15. c4 Kc7 16. Bd2 Nd7 17. Bd3 c5 18. c3 g6 19. Ke2 Rhd8 20. a5 Be7 21. Be3 Rab8 22. axb6+ axb6 23. h4 Ra8 24. h5 Nf6 25. hxg6 hxg6 26. Kf3 Ra3 27. Rhc1 cxd4 28. Bxd4 Rxd4 29. cxd4 Rxd3+ 30. Ke2 Rxd4 0-1


[Site "https://www.chess.com"]

[Event "Titled Tuesday Blitz March 01 Early 2022"]
[White "Gormally, Daniel W"]
[Black "Di Nicolantonio, Lucas"]
[WhiteFideId "406465"]
[BlackFideId "680460"]
[WhiteElo "2543"]
[BlackElo "2381"]
[Result "1-0"]
[Round "10"]
[TimeControl "180+1"]
[Date "2022.03.01"]
[WhiteClock "0:00:19"]
[BlackClock "0:00:04"]

1. c3 e5 2. d4 Nc6 3. Nf3 exd4 4. cxd4 d5 5. Nc3 Nf6 6. Bg5 Be7 7. e3 O-O 8. Be2 h6 9. Bh4 Ne4 10. Bxe7 Nxe7 11. Rc1 Nxc3 12. bxc3 b6 13. O-O Bb7 14. Ne5 c5 15. Bf3 Qc7 16. c4 dxc4 17. Bxb7 Qxb7 18. dxc5 b5 19. a4 a6 20. axb5 axb5 21. Qd6 Rfd8 22. Qb6 Qxb6 23. cxb6 Rd5 24. Nxc4 bxc4 25. Rxc4 Rb5 26. Rc7 Nd5 27. Rd7 Rb8 28. Rd1 R8xb6 29. h3 Nf6 30. Rc7 Rd5 31. Ra1 Rbd6 32. Ra8+ Rd8 33. Raa7 R5d7 34. Rxd7 Rxd7 35. Ra8+ Kh7 36. g4 g5 37. Kg2 Rd2 38. Kf3 Kg7 39. Ra5 Nd5 40. Kg3 Nc3 41. f4 Nd5 42. Kf3 gxf4 43. exf4 Nc3 44. g5 h5 45. f5 Rd3+ 46. Kf4 Rxh3 47. Ra7 Ne2+ 48. Ke4 h4 49. g6 Ng3+ 50. Kf4 Ne2+ 51. Kg4 Rg3+ 52. Kxh4 Rg1 53. Rxf7+ Kh6 54. Rh7# 1-0


[Site "https://www.chess.com"]

[Event "Titled Tuesday Blitz March 01 Early 2022"]
[White "Guseva, Marina"]
[Black "Mirzanurov, Bulat"]
[WhiteFideId "4149351"]
[BlackFideId "4184521"]
[WhiteElo "2232"]
[BlackElo "2116"]
[Result "1-0"]
[Round "10"]
[TimeControl "180+1"]
[Date "2022.03.01"]
[WhiteClock "0:00:13"]
[BlackClock "0:00:16"]

1. d4 d5 2. Nf3 Nf6 3. Bf4 e6 4. e3 Bd6 5. Bg3 O-O 6. Nbd2 c5 7. c3 Qc7 8. Ne5 Nc6 9. f4 Ne7 10. Bd3 Nf5 11. Bf2 Be7 12. g4 Nd6 13. Qf3 b6 14. Rg1 Bb7 15. f5 Nfe4 16. Bxe4 Nxe4 17. Nxe4 dxe4 18. Qf4 f6 19. Nc4 Qxf4 20. exf4 exf5 21. gxf5 b5 22. Na5 Bd5 23. dxc5 Bd8 24. Nb3 Bc7 25. Be3 a5 26. Nd4 b4 27. cxb4 axb4 28. b3 Rfd8 29. Rg2 Bf7 30. Rc1 Bxf4 31. Bxf4 Rxd4 32. c6 Rc8 33. c7 Be8 34. Rd2 Rxd2 35. Bxd2 Bd7 36. Rc5 Kf7 37. Bxb4 g6 38. fxg6+ hxg6 39. Bd2 f5 40. h4 Ke6 41. a4 Kd6 42. b4 Bxa4 43. Bf4+ Ke6 44. b5 e3 45. b6 1-0


[Site "https://www.chess.com"]

[Event "Titled Tuesday Blitz March 01 Early 2022"]
[White "Heinemann, Josefine"]
[Black "Pischal, Yulia"]
[WhiteFideId "12900460"]
[BlackFideId "14102390"]
[WhiteElo "2300"]
[BlackElo "1931"]
[Result "1-0"]
[Round "10"]
[TimeControl "180+1"]
[Date "2022.03.01"]
[WhiteClock "0:00:35"]
[BlackClock "0:00:10"]

1. Nf3 g6 2. d4 Bg7 3. Nc3 d6 4. Bf4 f5 5. h4 h6 6. Qd2 e6 7. O-O-O Nf6 8. Kb1 Qe7 9. Re1 Nc6 10. e4 fxe4 11. Nxe4 Nxe4 12. Rxe4 Qf6 13. Bd3 Bd7 14. c3 O-O-O 15. Rhe1 e5 16. dxe5 dxe5 17. Nxe5 Bf5 18. Nxc6 Qxc6 19. Rd4 Bxd3+ 20. Qxd3 Bxd4 21. cxd4 Rhe8 22. Rc1 Qb6 23. Rxc7+ Qxc7 24. Bxc7 Kxc7 25. Qxg6 Re2 26. Qf7+ Kb8 27. Qf4+ Ka8 28. Qc7 Rde8 29. a3 Rxf2 30. d5 Rxg2 31. d6 Re1+ 32. Ka2 a6 33. d7 Ree2 34. d8=Q+ Ka7 35. Qdb8# 1-0


[Site "https://www.chess.com"]

[Event "Titled Tuesday Blitz March 01 Early 2022"]
[White "Hess, Robert"]
[Black "Caruana, Fabiano"]
[WhiteFideId "2022036"]
[BlackFideId "2020009"]
[WhiteElo "2557"]
[BlackElo "2744"]
[Result "0-1"]
[Round "10"]
[TimeControl "180+1"]
[Date "2022.03.01"]
[WhiteClock "0:00:04"]
[BlackClock "0:00:18"]

1. d4 Nf6 2. c4 e6 3. Nc3 Bb4 4. Bd2 O-O 5. Nf3 b6 6. e3 Bb7 7. Be2 c5 8. a3 Bxc3 9. Bxc3 Ne4 10. Qc2 Nxc3 11. Qxc3 d6 12. O-O Nd7 13. Rfd1 Qe7 14. b4 Rac8 15. dxc5 dxc5 16. b5 e5 17. a4 e4 18. Nh4 g6 19. a5 Ne5 20. axb6 axb6 21. Ra7 Rc7 22. g3 Bc8 23. Rxc7 Qxc7 24. Rd5 f6 25. Qc2 Be6 26. Rd1 f5 27. Ng2 g5 28. h4 h6 29. Qc3 Qg7 30. Qa1 Nf3+ 31. Bxf3 Qxa1 32. Rxa1 exf3 33. Ne1 g4 34. Nd3 Bxc4 35. Ne5 Bxb5 36. Rb1 Re8 37. Ng6 Bd3 38. Rxb6 c4 39. Rc6 Ra8 40. Ne5 Ra1+ 41. Kh2 Rf1 42. Rg6+ Kh7 43. h5 Rxf2+ 44. Kg1 Rg2+ 45. Kh1 Rxg3 46. Nd7 Rh3+ 47. Kg1 Rxh5 48. Rxg4 fxg4 49. Nf6+ Kg6 0-1


[Site "https://www.chess.com"]

[Event "Titled Tuesday Blitz March 01 Early 2022"]
[White "Hoffmann, Asa"]
[Black "Bogumil, Tatiana"]
[WhiteFideId "2001470"]
[BlackFideId "4110579"]
[WhiteElo "2117"]
[BlackElo "1862"]
[Result "1-0"]
[Round "10"]
[TimeControl "180+1"]
[Date "2022.03.01"]
[WhiteClock "0:01:18"]
[BlackClock "0:00:01"]

1. d4 Nf6 2. Bg5 e6 3. Nd2 d5 4. e3 c5 5. c3 Nc6 6. f4 Be7 7. Bd3 a6 8. Ngf3 b5 9. O-O h6 10. Bh4 Qb6 11. Ne5 g6 12. Nxg6 fxg6 13. Bxg6+ Kd8 14. Qf3 Bd7 15. Qh3 Kc7 16. Nf3 Raf8 17. Ne5 Ne4 18. Bxe4 Bxh4 19. Bxd5 Nxe5 20. Qxh4 exd5 21. fxe5 Qe6 22. h3 Rhg8 23. Kh2 Rxf1 24. Rxf1 Rg6 25. g4 Kc6 26. Qd8 Qe8 27. Qxe8 Bxe8 28. Kg3 Kd7 29. Rf8 Ke7 30. Rf5 b4 31. dxc5 bxc3 32. bxc3 Ke6 33. Kf4 Ke7 34. h4 Bf7 35. g5 hxg5+ 36. hxg5 Be6 37. Rf6 Rg7 38. e4 a5 39. exd5 Bxd5 40. Ra6 Rg8 41. Rxa5 Rf8+ 42. Ke3 Rf3+ 43. Kd4 Be6 44. Ra7+ 1-0


[Site "https://www.chess.com"]

[Event "Titled Tuesday Blitz March 01 Early 2022"]
[White "Horak, Martin"]
[Black "Zanette, Edgard Vinicius"]
[WhiteFideId "367095"]
[BlackFideId "2109263"]
[WhiteElo "1997"]
[BlackElo "2182"]
[Result "1-0"]
[Round "10"]
[TimeControl "180+1"]
[Date "2022.03.01"]
[WhiteClock "0:00:43"]
[BlackClock "0:00:21"]

1. d4 f5 2. Nc3 Nf6 3. Bg5 c6 4. Bxf6 exf6 5. e3 Qa5 6. Bd3 Ba3 7. Qc1 Qb4 8. Rb1 Qxc3+ 9. bxc3 Bxc1 10. Rxc1 d5 11. c4 Be6 12. cxd5 Bxd5 13. f3 Be6 14. Ne2 g6 15. a3 Nd7 16. h4 Nb6 17. h5 O-O-O 18. Nf4 Bf7 19. Kf2 Rde8 20. Rh2 Rhg8 21. hxg6 hxg6 22. Rh7 Bc4 23. Rch1 Bxd3 24. cxd3 g5 25. Nh5 Rgf8 26. Ng7 Rd8 27. Nxf5 Nd5 28. Rg7 Rd7 29. Rhh7 Rxg7 30. Rxg7 Re8 31. Nd6+ 1-0


[Site "https://www.chess.com"]

[Event "Titled Tuesday Blitz March 01 Early 2022"]
[White "Indjic, Aleksandar"]
[Black "Timofeev, Artyom"]
[WhiteFideId "911925"]
[BlackFideId "4140419"]
[WhiteElo "2616"]
[BlackElo "2583"]
[Result "1-0"]
[Round "10"]
[TimeControl "180+1"]
[Date "2022.03.01"]
[WhiteClock "0:00:29"]
[BlackClock "0:00:07"]

1. e4 c5 2. f4 Nc6 3. Bb5 Nd4 4. Bc4 e6 5. c3 d5 6. Bf1 Nc6 7. e5 d4 8. Bd3 f5 9. Nf3 Nge7 10. a3 Nd5 11. g3 Be7 12. h4 O-O 13. Bb5 Bd7 14. Qe2 a6 15. Bd3 b5 16. c4 bxc4 17. Bxc4 Na5 18. d3 Rb8 19. Bxd5 exd5 20. Nbd2 Be8 21. b4 Nc6 22. O-O Bh5 23. Qf2 Qb6 24. Nb3 cxb4 25. Nfxd4 Nxd4 26. Nxd4 Bc5 27. Be3 bxa3 28. Nxf5 Bxe3 29. Nxe3 Qd4 30. Nc2 Qb2 31. Nd4 Rfc8 32. f5 Qxf2+ 33. Kxf2 Rc3 34. Ke3 Rb2 35. e6 Kf8 36. Rg1 Bg4 37. Kf4 Rxd3 38. Ke5 Re3+ 39. Kd6 Rb6+ 40. Nc6 Rc3 41. Kd7 Bxf5 42. Rgf1 Rbxc6 43. Rxf5+ Kg8 44. Raf1 Rc7+ 45. Kd6 R7c6+ 46. Ke5 Rc8 47. e7 g6 48. Rf8+ Kg7 49. R1f7+ Kh6 50. Rxc8 Rxc8 51. Rf3 a2 52. Ra3 Re8 53. Kf6 d4 54. Rxa2 d3 55. Kf7 Rb8 56. e8=Q Rxe8 57. Kxe8 Kh5 58. Rd2 Kg4 59. Rxd3 a5 60. Kf7 1-0


[Site "https://www.chess.com"]

[Event "Titled Tuesday Blitz March 01 Early 2022"]
[White "Iskusnyh, Sergei"]
[Black "Hamley, Ryan"]
[WhiteFideId "4120027"]
[BlackFideId "30959497"]
[WhiteElo "2492"]
[BlackElo "2565"]
[Result "0-1"]
[Round "10"]
[TimeControl "180+1"]
[Date "2022.03.01"]
[WhiteClock "0:00:05"]
[BlackClock "0:00:11"]

1. d4 Nf6 2. c4 e6 3. g3 d5 4. Nf3 dxc4 5. Bg2 Be7 6. O-O O-O 7. Qa4 a6 8. Qxc4 b5 9. Qc2 Bb7 10. Bd2 a5 11. Nc3 b4 12. Na4 Nbd7 13. Rac1 Rc8 14. Be3 Be4 15. Qd2 Nd5 16. Rfd1 Bd6 17. Ng5 Bxg2 18. Kxg2 N7f6 19. Qd3 Qd7 20. Nc5 Qe7 21. Nge4 Rfd8 22. Bg5 h6 23. Nxf6+ Nxf6 24. Bxf6 Qxf6 25. Qf3 Qe7 26. e3 e5 27. Nb7 Re8 28. Nxa5 exd4 29. Nc6 Qe6 30. Rxd4 Qxa2 31. Rc2 b3 32. Rcd2 Qb1 33. Qg4 Ra8 34. Qf3 Ra2 35. Kh3 Rxb2 36. Rxb2 Qxb2 37. Qd5 Qxf2 38. Qxb3 Qxe3 39. Qc4 Qf2 40. Rg4 Re2 41. Rxg7+ Kxg7 42. Qc3+ Qf6 43. Qc4 Qe6+ 44. Qxe6 Rxe6 0-1


[Site "https://www.chess.com"]

[Event "Titled Tuesday Blitz March 01 Early 2022"]
[White "Jaferian, Koosha"]
[Black "Zheenbekov, Nurgazy"]
[WhiteFideId "12507440"]
[BlackFideId "13800485"]
[WhiteElo "2027"]
[BlackElo "1959"]
[Result "1-0"]
[Round "10"]
[TimeControl "180+1"]
[Date "2022.03.01"]
[WhiteClock "0:00:18"]
[BlackClock "0:00:01"]

1. Nf3 Nf6 2. b3 d5 3. Bb2 c5 4. e3 Nc6 5. Be2 e6 6. O-O Be7 7. d4 O-O 8. c4 b6 9. cxd5 exd5 10. Nbd2 Bb7 11. Bd3 Re8 12. a3 Rc8 13. Rc1 Bf8 14. Re1 g6 15. Nf1 Ne4 16. dxc5 bxc5 17. Ng3 Qe7 18. Bxe4 dxe4 19. Nd2 f5 20. Nc4 Red8 21. Qc2 Bg7 22. Ne2 Rd3 23. Nf4 Rdd8 24. Red1 Ne5 25. Nxe5 Bxe5 26. Bxe5 Qxe5 27. Qc4+ Kh8 28. h4 Rd6 29. Rxd6 Qxd6 30. h5 g5 31. Ne6 Qe7 32. Qc3+ Kg8 33. h6 c4 34. b4 Bd5 35. Nc5 Rc6 36. Rd1 Rd6 37. Rd4 Qc7 38. Qd2 Rxh6 39. Rxd5 Qh2+ 40. Kf1 Qh1+ 41. Ke2 Qh5+ 42. f3 exf3+ 43. gxf3 Qh2+ 44. Kd1 Qg1+ 45. Qe1 Qg2 46. Rd2 Qxf3+ 47. Kc2 Rh1 48. Qe2 1-0


[Site "https://www.chess.com"]

[Event "Titled Tuesday Blitz March 01 Early 2022"]
[White "Janaszak, Dawid"]
[Black "Makhnev, Denis"]
[WhiteFideId "1119206"]
[BlackFideId "13707647"]
[WhiteElo "2199"]
[BlackElo "2491"]
[Result "0-1"]
[Round "10"]
[TimeControl "180+1"]
[Date "2022.03.01"]
[WhiteClock "0:00:13"]
[BlackClock "0:01:18"]

1. e4 c6 2. d4 d5 3. exd5 cxd5 4. Bd3 Nc6 5. c3 Nf6 6. Bf4 Bg4 7. Qb3 Qd7 8. Nd2 e6 9. Ngf3 Bxf3 10. Nxf3 Bd6 11. Bxd6 Qxd6 12. O-O O-O 13. Rae1 Qc7 14. Qd1 Rab8 15. Re3 g6 16. a4 a6 17. Ng5 Qf4 18. Nh3 Qh4 19. Rf3 e5 20. dxe5 Nd7 21. Rf4 Qe7 22. Re1 Ndxe5 23. Bf1 Rbd8 24. Rd4 Rfe8 25. Re3 Qc5 26. Rh4 d4 27. cxd4 Nxd4 28. Qb1 Nf5 29. b4 Qd6 30. Rxe5 Rxe5 31. Ng5 Nxh4 0-1


[Site "https://www.chess.com"]

[Event "Titled Tuesday Blitz March 01 Early 2022"]
[White "Jarocka, Liwia"]
[Black "Yang, Kaiqi"]
[WhiteFideId "21807558"]
[BlackFideId "8604398"]
[WhiteElo "1896"]
[BlackElo "2373"]
[Result "0-1"]
[Round "10"]
[TimeControl "180+1"]
[Date "2022.03.01"]
[WhiteClock "0:00:25"]
[BlackClock "0:00:15"]

1. c4 g6 2. Nc3 Bg7 3. g3 Nf6 4. Bg2 O-O 5. Nf3 d6 6. O-O c5 7. d4 Nc6 8. d5 Na5 9. Nd2 e6 10. e4 exd5 11. cxd5 Rb8 12. a4 a6 13. f4 Re8 14. e5 dxe5 15. fxe5 Rxe5 16. Nf3 Re8 17. Bg5 h6 18. Bf4 Ra8 19. Ne5 g5 20. Nxf7 Kxf7 21. Bxg5 hxg5 22. Qh5+ Kg8 23. Qxg5 Ng4 24. Qg6 Ne5 25. Qc2 Nac4 26. Rae1 Bg4 27. b3 Nd6 28. h3 Bh5 29. g4 Bg6 30. Qd2 Qh4 31. Ne2 Ne4 32. Bxe4 Bxe4 33. Qf4 Bd3 34. Rf2 Rf8 0-1


[Site "https://www.chess.com"]

[Event "Titled Tuesday Blitz March 01 Early 2022"]
[White "Jary, Sergey"]
[Black "Wagner, Dennis"]
[WhiteFideId "14110350"]
[BlackFideId "24650684"]
[WhiteElo "2260"]
[BlackElo "2355"]
[Result "1/2-1/2"]
[Round "10"]
[TimeControl "180+1"]
[Date "2022.03.01"]
[WhiteClock "0:00:12"]
[BlackClock "0:00:12"]

1. e4 c5 2. Nf3 d6 3. d4 cxd4 4. Nxd4 Nf6 5. f3 e5 6. Bb5+ Bd7 7. Bxd7+ Qxd7 8. Nf5 d5 9. Bg5 dxe4 10. fxe4 Qxd1+ 11. Kxd1 Nxe4 12. Be3 g6 13. Ng3 Nxg3 14. hxg3 Nc6 15. Nd2 f5 16. c3 O-O-O 17. Ke2 Be7 18. b4 b6 19. a4 h5 20. Nb3 Bf6 21. a5 b5 22. a6 e4 23. Rac1 Rd3 24. c4 Nxb4 25. cxb5+ Kb8 26. Nc5 Rxe3+ 27. Kxe3 Bg5+ 28. Ke2 Bxc1 29. Rxc1 Rd8 30. Rc4 Nd3 31. Nxd3 Rxd3 32. Kf2 Rb3 33. Rc6 Rxb5 34. Rxg6 Rb2+ 35. Ke3 Rxg2 36. Rg5 Kc7 37. Rxf5 Rxg3+ 38. Kxe4 h4 39. Rb5 Kc6 40. Rb7 h3 41. Rxa7 Rg4+ 42. Kf5 Rh4 43. Rg7 h2 44. a7 Rh8 45. a8=Q+ Rxa8 46. Rh7 Ra2 47. Kg4 Kd5 48. Kg3 Ke4 49. Rxh2 Ra3+ 50. Kg2 Kf4 51. Rh4+ Kg5 52. Rb4 Ra2+ 53. Kg3 1/2-1/2


[Site "https://www.chess.com"]

[Event "Titled Tuesday Blitz March 01 Early 2022"]
[White "Jones, Gawain C B"]
[Black "Gunina, Valentina"]
[WhiteFideId "409561"]
[BlackFideId "4167570"]
[WhiteElo "2657"]
[BlackElo "2465"]
[Result "1/2-1/2"]
[Round "10"]
[TimeControl "180+1"]
[Date "2022.03.01"]
[WhiteClock "0:00:03"]
[BlackClock "0:00:07"]

1. Nf3 d5 2. g3 c6 3. Bg2 Bg4 4. O-O Nd7 5. h3 Bxf3 6. exf3 e6 7. d4 g6 8. c3 Bg7 9. f4 Ne7 10. Nd2 O-O 11. Nf3 c5 12. h4 h5 13. dxc5 Nxc5 14. Be3 Rc8 15. Bd4 Nf5 16. Bxg7 Kxg7 17. Nd4 Nxd4 18. Qxd4+ Qf6 19. Rfd1 Rc7 20. Rd2 Rfc8 21. Re1 a6 22. f3 Nd7 23. Kf2 Rc4 24. Qxf6+ Kxf6 25. Ke3 b5 26. Bf1 R4c6 27. g4 Nb6 28. Kf2 Na4 29. Kg3 Rb8 30. a3 a5 31. Ra1 Nc5 32. Re2 hxg4 33. fxg4 Ne4+ 34. Kf3 b4 35. cxb4 axb4 36. a4 b3 37. a5 Rc2 38. a6 Nd2+ 39. Ke3 Nxf1+ 40. Rxf1 Rc6 41. Ra1 Ra8 42. Ra3 Rb6 43. a7 Rb7 44. Kd4 Raxa7 45. Rxa7 Rxa7 46. Kc3 Rb7 47. Rh2 Kg7 48. Rh3 Rb8 49. h5 gxh5 50. Rxh5 Kf6 51. Rh6+ Ke7 52. g5 Rc8+ 53. Kxb3 Rc4 54. Rf6 Re4 55. Kc3 e5 56. Rf5 exf4 57. Rxd5 f3 58. Rf5 Rg4 59. b4 f2 60. Rxf2 Rxg5 61. Kc4 Rh5 62. b5 Kd6 63. Rf6+ Ke7 64. Rf4 Kd6 65. Rf6+ Ke7 66. Rf3 Kd6 67. Kb4 f5 68. Ka5 Ke5 69. b6 Ke4 70. Rb3 Rh8 71. b7 Rb8 72. Kb6 f4 73. Kc7 Rh8 74. Rb4+ Ke3 75. Rb3+ Ke4 76. Rb4+ Ke3 77. Rb3+ Ke4 1/2-1/2


[Site "https://www.chess.com"]

[Event "Titled Tuesday Blitz March 01 Early 2022"]
[White "Joubert, Dantelle"]
[Black "Bashirli, Saadat"]
[WhiteFideId "14310813"]
[BlackFideId "13429990"]
[WhiteElo "1507"]
[BlackElo "1173"]
[Result "0-1"]
[Round "10"]
[TimeControl "180+1"]
[Date "2022.03.01"]
[WhiteClock "0:00:02"]
[BlackClock "0:02:00"]

1. Nf3 d5 2. c4 e6 3. d4 c6 4. Qc2 dxc4 5. Qxc4 b5 6. Qd3 Bb7 7. g3 Nf6 8. Bg2 Be7 9. Nc3 O-O 10. O-O Nbd7 11. Bf4 a6 12. a3 c5 13. Rfd1 c4 14. Qc2 Nd5 15. Nxd5 exd5 16. Ne5 Nf6 17. f3 Rc8 18. e4 dxe4 19. fxe4 Bd6 20. Bg5 Bxe5 21. dxe5 Qb6+ 22. Kh1 Ng4 23. Rd2 h6 24. Bf4 g5 25. h3 gxf4 26. hxg4 fxg3 27. Rd6 Qe3 28. Rf1 Rcd8 29. Rdf6 Rd2 30. Qc1 Bxe4 0-1


[Site "https://www.chess.com"]

[Event "Titled Tuesday Blitz March 01 Early 2022"]
[White "Kadam, Om Manish"]
[Black "Batsiashvili, Nino"]
[WhiteFideId "45076294"]
[BlackFideId "13602993"]
[WhiteElo "1729"]
[BlackElo "2230"]
[Result "0-1"]
[Round "10"]
[TimeControl "180+1"]
[Date "2022.03.01"]
[WhiteClock "0:00:33"]
[BlackClock "0:01:16"]

1. e4 e5 2. Nf3 Nc6 3. Bc4 Nf6 4. d3 Bc5 5. c3 d6 6. b4 Bb6 7. a4 a5 8. b5 Ne7 9. Nbd2 Ng6 10. O-O Nf4 11. Bb3 h6 12. Nc4 g5 13. Ncd2 Nxd3 14. Nc4 Nxc1 15. Rxc1 Bc5 16. Qd3 Be6 17. Rfd1 Qe7 18. Rb1 Nh5 19. g3 Rg8 20. Ne3 Nf4 21. Qf1 Bxe3 22. fxe3 Bxb3 23. Rxb3 Ne6 24. b6 c6 25. Rb2 Nc5 26. Qc4 Rg6 27. Rbd2 Re6 28. Kg2 Ra6 29. Rd3 Nxd3 0-1


[Site "https://www.chess.com"]

[Event "Titled Tuesday Blitz March 01 Early 2022"]
[White "Kalajzic, Ivan"]
[Black "Iljin, Timofey"]
[WhiteFideId "14506378"]
[BlackFideId "14110180"]
[WhiteElo "2163"]
[BlackElo "2396"]
[Result "0-1"]
[Round "10"]
[TimeControl "180+1"]
[Date "2022.03.01"]
[WhiteClock "0:00:38"]
[BlackClock "0:01:07"]

1. b3 f5 2. Bb2 Nf6 3. Bxf6 exf6 4. c4 g6 5. Nc3 Bg7 6. g3 O-O 7. Bg2 d6 8. e3 Nc6 9. Nge2 Be6 10. d4 Bf7 11. O-O Rb8 12. Rb1 a5 13. a3 Ne7 14. Qd3 g5 15. b4 axb4 16. axb4 b6 17. b5 d5 18. c5 f4 19. gxf4 Bg6 20. e4 dxe4 21. Bxe4 bxc5 22. Bxg6 Nxg6 23. Qc4+ Kh8 24. dxc5 gxf4 25. Nxf4 Ne5 26. Qe2 Qd7 27. Rfd1 Qf5 28. Qe4 Qg4+ 29. Ng2 Qh3 30. Ne2 Nf3+ 31. Kf1 Nxh2+ 32. Ke1 Nf3+ 33. Kf1 Qh1+ 34. Ng1 Qxg1+ 35. Ke2 Qxg2 0-1


[Site "https://www.chess.com"]